 Dungeon Crawl Stone Soup version 0.18-a0-1481-g708b138 (webtiles) character file.

339689 xeno23 the Earth Mage (level 21, -6/148 HPs)
             Began as a Gargoyle Earth Elementalist on Feb 16, 2016.
             Was the Champion of Dithmenos.
             Killed from afar by a deep elf knight (20 damage)
             ... with a shard of ice
             ... on level 3 of the Elven Halls on Mar 2, 2016.
             The game lasted 06:21:51 (46257 turns).

xeno23 the Earth Mage (GrEE)                       Turns: 46257, Time: 06:21:52

Health: -6/148     AC: 32    Str: 18      XL:     21   Next: 97%
Magic:  2/44       EV: 15    Int: 26 (27) God:    Dithmenos [******]
Gold:   983        SH:  0    Dex: 15      Spells: 8 memorised, 14 levels left

rFire  . . .     SeeInvis .     X - +3 great mace (crush)
rCold  + + .     Gourm    .     Z - +7 Kryia's mail coat {DeviceHeal*2 rC+}
rNeg   + . .     Faith    .     (shield currently unavailable)
rPois  ∞         Spirit   .     W - +0 hat {Int+3}
rElec  +         Dismiss  .     t - +1 cloak {MR+}
rCorr  .         Reflect  .     c - +0 pair of gloves
SustAt .         Harm     .     u - +0 pair of boots
MR     +++..                    U - amulet of regeneration
Stlth  +++++.....               I - ring "Siklak" {+Inv Int+4 Dex+5 Stlth-}
                                y - ring of magical power

@: corroded equipment, flying, wreathed by umbra, repel missiles, drained,
extremely resistant to hostile enchantments, quite stealthy
A: big wings, fangs 1, cold resistance 1, deterioration 1, magic resistance 1,
mutation resistance 1, negative energy resistance 1, robust 1, electricity
resistance, unbreathing, petrification resistance, rot immunity, AC +15
a: Stop Flying, Shadow Step, Shadow Form, Renounce Religion, Evoke Invisibility
}: 2/15 runes: serpentine, barnacled


You were on level 3 of the Elven Halls.
You worshipped Dithmenos.
Dithmenos was exalted by your worship.
You were very hungry.

You visited 7 branches of the dungeon, and saw 37 of its levels.
You visited 1 bazaar.
You also visited: Labyrinth and Bailey.

You collected 4243 gold pieces.
You spent 3260 gold pieces at shops.

Inventory:

Hand Weapons
 k - a +1 eveningstar of flaming
 X - a +3 great mace of crushing (weapon)
Armour
 c - a +0 pair of gloves (worn)
 t - a +1 cloak of magic resistance (worn)
 u - a +0 pair of boots (worn)
 x - the +7 large shield of a Hundred Planets {rN+ Int+2 Slay+2}
   (You took it off a deep elf death mage on level 3 of the Elven Halls)

   It affects your intelligence (+2).
   It affects your accuracy and damage with ranged weapons and melee attacks
   (+2).
   It protects you from negative energy.
 W - a +0 hat of intelligence (worn)
 Z - the +7 Kryia's mail coat (worn) {DeviceHeal*2 rC+}
   (You bought it in a shop on level 13 of the Dungeon)

   It protects you from cold.
Jewellery
 y - a ring of magical power (left hand)
 I - the ring "Siklak" (right hand) {+Inv Int+4 Dex+5 Stlth-}
   (You found it on level 4 of the Shoals)

   [ring of dexterity]

   It affects your intelligence (+4).
   It affects your dexterity (+5).
   It lets you turn invisible.
   It makes you less stealthy.
 U - an amulet of regeneration (around neck)
Wands
 g - a wand of digging (13/24)
 L - a wand of iceblast (6/15)
 M - a wand of acid (7/15)
Scrolls
 a - 4 scrolls of enchant armour
 e - 2 scrolls of silence
 j - 2 scrolls of fog
 m - 5 scrolls of amnesia
 n - 15 scrolls of remove curse
 q - a scroll of blinking
 r - a scroll of torment
 v - 4 scrolls of teleportation
 z - 14 scrolls of magic mapping
 A - 2 scrolls of vulnerability
 C - 6 scrolls of fear
 F - a scroll of holy word
 G - 6 scrolls of enchant weapon
 Q - 17 scrolls of identify
 T - 6 scrolls of recharging
Potions
 f - 5 potions of cure mutation
 i - 5 potions of brilliance
 l - 2 potions of haste
 o - 4 potions of curing
 p - 3 potions of resistance
 s - a potion of berserk rage
 B - 4 potions of might
 D - 5 potions of agility
 E - 5 potions of magic
 H - a potion of cancellation
 P - 2 potions of invisibility
 S - a potion of ambrosia
Miscellaneous
 N - a fan of gales (inert)
Comestibles
 d - 19 bread rations
 h - 40 fruits
 w - 4 chunks of flesh
 J - 5 meat rations


   Skills:
 + Level 15.6(15.4) Fighting
 - Level 12.2(12.0) Maces & Flails
 + Level 10.2(10.1) Armour
 - Level 10.0(9.8) Dodging
 + Level 13.4(13.2) Stealth
 * Level 8.7(8.6) Shields
 + Level 10.6(10.4) Spellcasting
 + Level 12.7(12.5) Conjurations
 * Level 12.2(12.1) Charms
 + Level 3.5(3.3) Necromancy
 - Level 4.6(4.5) Translocations
 - Level 4.0(3.9) Transmutations
 - Level 5.0(4.8) Air Magic
 * Level 16.8(16.6) Earth Magic
 + Level 9.9(9.8) Invocations


You had 14 spell levels left.
You knew the following spells:

 Your Spells              Type           Power        Failure   Level  Hunger
a - Stone Arrow           Conj/Erth      ######       1%          3    None
b - Passwall              Trmt/Erth      ######....   1%          2    None
d - Petrify               Trmt/Erth      ######..     1%          4    None
e - Regeneration          Chrm/Necr      ######....   1%          3    None
g - Blink                 Tloc           N/A          2%          2    None
r - Repel Missiles        Chrm/Air       ######       1%          2    None
s - Lee's Rapid Deconstr  Erth           #######...   1%          5    ####...
w - Iron Shot             Conj/Erth      ######....   4%          6    #####..


Dungeon Overview and Level Annotations

Branches:
Dungeon (15/15)            Temple (1/1) D:7            Lair (8/8) D:9
 Shoals (4/4) Lair:6        Snake (4/4) Lair:4        Slime (0/6) Lair:7
    Orc (2/2) D:10            Elf (3/3) Orc:2        Vaults (0/5) D:14
 Depths (0/5) D:15

Altars:
Ashenzari
Cheibriados
Dithmenos
Elyvilon
Fedhas
Gozag
Kikubaaqudgha
Makhleb
Nemelex Xobeh
Okawaru
Pakellas
Qazlal
Ru
Sif Muna
Trog
Vehumet
Xom
Yredelemnul
Zin
The Shining One
Beogh
Jiyva

Shops:
D:8 *   D:9 :   D:11 ?   D:13 [   D:15 (   Orc:1 =((=   Orc:2 (%(}   Elf:1 ?
Shoals:4 !%*


Innate Abilities, Weirdness & Mutations

You are resistant to torment.
Your stone body is resilient (AC +15).
You are immune to poison.
Your large and strong wings let you fly indefinitely.
You resist negative energy.
You are resistant to electric shocks.
You can survive without breathing.
You are immune to petrification.
You are immune to rotting.
You have very sharp teeth.
Your flesh is cold resistant.
Your body sometimes deteriorates upon taking damage.
You are resistant to hostile enchantments.
You are somewhat resistant to further mutation.
You are robust (+10% HP).


Message History

The Hell Sentinel gestures at you.
The hellfire explodes!
The blast of hellfire engulfs you!
* * * LOW HITPOINT WARNING * * *
You emit a cloud of dark smoke.
The blast of hellfire engulfs the Hell Sentinel.
The Hell Sentinel completely resists.
You take 66 damage.
Casting: Stone Arrow
Confirm with . or Enter, or press ? or * to list all spells.
Aiming: Stone Arrow
Press: ? - help, Shift-Dir - straight line, f - deep elf demonologist
Aim: a deep elf demonologist, wielding a short sword, wearing a scale mail and wearing a twisted filigree amulet (black smoke, almost dead, umbra)
The stone arrow hits the deep elf demonologist.
You kill the deep elf demonologist!
Dithmenos accepts your kill.
The red devil disappears in a puff of smoke!
The Hell Sentinel disappears in a puff of smoke!
The deep elf knight gestures at you while chanting.
The shard of ice hits you! You partially resist.
You die...

...#........#..
...###......###.
...#...e....#..
#ee# #).# #..#
### #).#
##§###e.#
##@§e§....
##§##e§)..#
##§#####2)##
#)## #.1.# ##.##
###.# ##.## #.#
##.## #.#
##)###.# ##.##.#


You could see a deep elf knight and a deep elf mage.

Vanquished Creatures
  Mara (Shoals:3)
  Saint Roka (Orc:2)
  Nikola (Elf:3)
  Jorgrun (Shoals:4)
  Rupert (Lair:7)
  The ghost of Tomstefer the Phalangite, an adept MiBe of Trog (Snake:4)
  2 deep elf master archers (Elf:3)
  2 deep elf blademasters (Elf:3)
  Polyphemus (Shoals:2)
  Kirke (Shoals:3)
  7 greater nagas
  Ilsuiw (Shoals:3)
  Donald (Shoals:3)
  Louise (Shoals:2)
  Aizul (Shoals:3)
  6 deep elf sorcerers
  2 deep elf elementalists (Elf:3)
  9 deep elf demonologists
  Nessos (Lair:5)
  8 deep elf annihilators (Elf:3)
  Azrael (Snake:3)
  Snorg (D:11)
  6 merfolk javelineers
  7 deep elf death magi (Elf:3)
  15 merfolk impalers
  A minotaur (Lab)
  5 deep elf high priests
  A yaktaur captain (D:15)
  Josephine (Lair:5)
  The ghost of Uberwunderbarhen the Transmogrifier, a journeyman OpTm of Makhleb (Lair:3)
  8 hydras
  39 naga warriors
  19 anacondas
  4 centaur warriors
  The ghost of Foomius the Destroyer, a journeyman DsNe of Okawaru (D:11)
  3 alligator snapping turtles
  6 merfolk avatars
  Erica (D:9)
  A catoblepas (Shoals:3)
  29 dancing weapons
  5 satyrs
  2 merfolk aquamancers (Shoals:3)
  2 ogre magi (Orc:2)
  2 tengu warriors (D:15)
  10 death yaks
  A shock serpent (Snake:4)
  5 orc high priests
  Urug (D:10)
  15 naga sharpshooters
  17 deep elf knights
  A fire crab (shapeshifter) (Elf:2)
  A sea snake (shapeshifter) (D:14)
  A death drake (shapeshifter) (Elf:3)
  2 deep trolls (Orc:2)
  15 sea snakes
  2 unseen horrors
  2 salamander mystics (Snake:3)
  A necromancer (D:14)
  3 wizards
  9 naga ritualists
  12 deep elf archers
  16 mana vipers
  Pikel (D:5)
  23 harpies
  60 deep elf magi
  3 hill giants
  3 orc knights
  2 orc sorcerers (Orc:1)
  17 cyclopes
  15 griffons
  An oklob plant (Lair:3)
  13 manticores
  28 fauns
  2 shining eyes (shapeshifter)
  3 slime creatures (D:13)
  13 salamanders
  7 water nymphs
  3 elephants (Lair:4)
  A moth of wrath (shapeshifter) (Elf:3)
  Maurice (D:11)
  9 guardian serpents
  44 black mambas
  8 sirens
  26 naga magi
  A guardian serpent (shapeshifter) (Elf:1)
  4 gargoyles
  2 centaur zombies (D:14)
  A torpor snail (Lair:6)
  23 spiny frogs
  2 kobold demonologists
  3 rime drakes
  2 efreet
  6 komodo dragons
  A yaktaur (D:15)
  A giant leech (Lair:8)
  13 trolls
  7 two-headed ogres (Orc:2)
  41 merfolk
  A wind drake (Shoals:4)
  A polar bear (Lair:6)
  26 blink frogs
  2 boulder beetles
  A wind drake (shapeshifter) (Elf:3)
  13 snapping turtles
  3 air elementals
  A spriggan (shapeshifter) (D:15)
  5 wraiths
  Sigmund (D:3)
  9 water elementals
  A shadow (D:11)
  A hog (Shoals:3)
  21 yaks
  A wyvern (D:8)
  3 fire elementals
  A vampire (D:13)
  Eustachio (D:6)
  10 vampire mosquitoes
  3 steam dragons
  15 hippogriffs
  2 mottled dragons (D:15)
  7 hungry ghosts
  A wolf (shapeshifter) (Elf:1)
  83 nagas
  6 wargs
  2 hell hounds (Snake:3)
  25 water moccasins
  A soldier ant (shapeshifter) (D:14)
  11 porcupines
  A sky beast (D:13)
  2 wasps
  29 orc warriors
  An eye of draining (D:13)
  2 phantoms
  3 black bears
  23 ogres
  17 centaurs
  2 necrophages
  19 crocodiles
  6 big kobolds
  36 giant frogs
  4 earth elementals
  4 wyvern skeletons
  2 scorpions
  15 killer bees
  9 wights
  A howler monkey (D:14)
  3 electric eels
  7 crimson imps
  4 lava snakes (Snake:1)
  2 giant frog zombies
  7 jellies
  4 hounds
  10 centaur skeletons
  14 orc priests
  3 giant frog skeletons
  A gnoll shaman (D:4)
  Ijyb (D:3)
  13 iguanas
  17 orc wizards
  10 worker ants
  20 sheep
  3 ogre skeletons (Lab)
  2 hound skeletons
  2 worker ant zombies
  Robin (D:3)
  4 gnolls
  14 adders
  34 river rats
  3 shadow imps
  6 oozes
  An adder zombie (D:9)
  An adder skeleton (D:7)
  2 worms (D:2)
  6 giant geckos
  108 orcs
  11 bats
  5 giant cockroaches
  11 goblins
  10 hobgoblins
  2 jackals (D:6)
  28 kobolds
  2 quokkas
  A ball python (D:3)
  A giant gecko zombie (D:8)
  5 giant newts
  2 quokka skeletons
  15 rats
  2 fungi
  3 plants
1549 creatures vanquished.

Vanquished Creatures (collateral kills)
  A greater naga (Snake:3)
  A water nymph (Shoals:4)
  2 merfolk (Shoals:4)
  A snapping turtle (Shoals:4)
  A hungry ghost (Shoals:4)
6 creatures vanquished.

Vanquished Creatures (others)
  A deep elf elementalist (Elf:3)
  A deep elf knight (Elf:2)
  2 deep elf magi
  A hornet (shapeshifter) (Elf:1)
  The ghost of psellion the Magician, a novice NaWz (D:4)
  A troll (D:14)
  2 humans (Shoals:3)
  An orc (Elf:2)
  47 fungi
  97 plants
154 creatures vanquished.

Grand Total: 1709 creatures vanquished

Notes
Turn   | Place    | Note
--------------------------------------------------------------
     0 | D:1      | xeno23 the Gargoyle Earth Elementalist began the quest for the Orb.
     0 | D:1      | Reached XP level 1. HP: 10/10 MP: 3/3
   485 | D:1      | Reached XP level 2. HP: 15/15 MP: 5/5
   557 | D:1      | Reached skill level 4 in Earth Magic
   742 | D:2      | You fall through a shaft for 2 floors!
   784 | D:3      | Reached skill level 1 in Fighting
   784 | D:3      | Reached XP level 3. HP: 6/20 MP: 0/6
  1013 | D:3      | Noticed Ijyb
  1020 | D:3      | Reached XP level 4. HP: 25/25 MP: 2/7
  1033 | D:3      | Killed Ijyb
  1121 | D:3      | Noticed Robin
  1341 | D:3      | Reached XP level 5. HP: 19/30 MP: 5/9
  2160 | D:3      | Noticed Sigmund
  2174 | D:3      | Killed Sigmund
  2174 | D:3      | Reached skill level 1 in Maces & Flails
  2174 | D:3      | Reached skill level 5 in Earth Magic
  2174 | D:3      | Reached XP level 6. HP: 26/37 MP: 1/10
  2444 | D:3      | Found an opulent altar of Gozag.
  2445 | D:3      | Found a radiant altar of Vehumet.
  2555 | D:3      | Killed Robin
  2671 | D:4      | Reached XP level 7. HP: 24/41 MP: 12/12
  2724 | D:4      | Learned a level 3 spell: Stone Arrow
  2777 | D:4      | Noticed psellion's ghost (novice NaWz)
  2860 | D:4      | Gained mutation: You have very sharp teeth. [potion of mutation]
  2860 | D:4      | Gained mutation: You have supernaturally acute eyesight. [potion of mutation]
  2860 | D:4      | Gained mutation: Your body sometimes deteriorates upon taking damage. [potion of mutation]
  2860 | D:4      | Killed psellion's ghost
  2860 | D:4      | Reached skill level 1 in Armour
  2860 | D:4      | Reached skill level 1 in Shields
  3195 | D:4      | Reached skill level 6 in Earth Magic
  3306 | D:4      | HP: 1/42 [centaur (6)]
  3307 | D:4      | Reached XP level 8. HP: 1/48 MP: 7/13
  3922 | D:5      | Entered Level 5 of the Dungeon
  4263 | D:5      | Noticed Pikel
  4272 | D:5      | Killed Pikel
  4687 | D:6      | Noticed Eustachio
  4787 | D:6      | Reached skill level 5 in Fighting
  4950 | D:6      | Killed Eustachio
  4950 | D:6      | Reached XP level 9. HP: 48/54 MP: 0/15
  4977 | D:6      | Reached skill level 1 in Conjurations
  5415 | D:6      | Noticed a troll
  5422 | D:6      | Reached skill level 7 in Earth Magic
  5434 | D:6      | Killed a troll
  5999 | D:7      | Reached skill level 5 in Spellcasting
  6220 | D:7      | Found a staircase to the Ecumenical Temple.
  6231 | Temple   | Entered the Ecumenical Temple
  6328 | Temple   | Upgraded the game from 0.18-a0-1343-g48c8f86 to 0.18-a0-1347-gb9e2fb4
  6328 | Temple   | Upgraded the game from 0.18-a0-1347-gb9e2fb4 to 0.18-a0-1350-g404b4cb
  6328 | Temple   | Upgraded the game from 0.18-a0-1350-g404b4cb to 0.18-a0-1418-ga86aa8f
  6331 | Temple   | Learned a level 2 spell: Passwall
  6335 | Temple   | Became a worshipper of Dithmenos the Shadowed
  6383 | D:7      | Found a shimmering altar of Xom.
  7116 | D:8      | Found Gulir's General Store.
  7123 | D:8      | Bought a potion of beneficial mutation for 455 gold pieces
  7123 | D:8      | Bought a scroll of identify for 26 gold pieces
  7123 | D:8      | Bought a potion of curing for 39 gold pieces
  7124 | D:8      | Gained mutation: You are robust (+10% HP). [potion of beneficial mutation]
  7221 | D:8      | Reached * piety under Dithmenos
  7518 | D:8      | Reached XP level 10. HP: 58/66 MP: 17/17
  7649 | D:8      | Reached skill level 5 in Armour
  7657 | D:8      | Reached skill level 8 in Earth Magic
  7872 | D:9      | Found an ancient bone altar of Kikubaaqudgha.
  7907 | D:9      | Got a brightly glowing leather armour
  7918 | D:9      | Identified the +5 leather armour of Nodwuik {-Tele MR+ Int+3 Dex+3} (You found it on level 9 of the Dungeon)
  7929 | D:9      | You fall through a shaft for 2 floors!
  7929 | D:11     | Found Onok Omo's Magic Scroll Emporium.
  7935 | D:11     | Noticed Maurice
  7962 | D:11     | Killed Maurice
  7977 | D:11     | Bought a scroll of fear for 52 gold pieces
  8098 | D:11     | Found a labyrinth entrance.
  8104 | D:11     | Noticed Foomius's ghost (journeyman DsNe)
  8121 | D:11     | Reached skill level 5 in Maces & Flails
  8128 | Lab      | Entered a labyrinth
  8534 | Lab      | Learned a level 5 spell: Lee's Rapid Deconstruction
  8539 | Lab      | Learned a level 4 spell: Petrify
  8560 | Lab      | Reached skill level 5 in Dodging
  8592 | Lab      | Reached ** piety under Dithmenos
  9323 | Lab      | Noticed a minotaur
  9331 | Lab      | Killed a minotaur
  9366 | Lab      | Learned a level 3 spell: Regeneration
  9452 | D:11     | Killed Foomius's ghost
  9452 | D:11     | Reached skill level 1 in Charms
  9452 | D:11     | Reached XP level 11. HP: 13/73 MP: 2/20
  9463 | D:11     | Reached skill level 1 in Transmutations
  9655 | D:11     | Reached skill level 9 in Earth Magic
 10019 | D:11     | Noticed Snorg
 10317 | D:11     | Killed Snorg
 10317 | D:11     | Reached skill level 5 in Conjurations
 10386 | D:11     | Found Onok Omo's Magic Scroll Emporium.
 10535 | D:11     | Bought a scroll of identify for 30 gold pieces
 10535 | D:11     | Bought a scroll of identify for 30 gold pieces
 10535 | D:11     | Bought a scroll of magic mapping for 52 gold pieces
 10535 | D:11     | Bought a scroll of identify for 30 gold pieces
 10587 | D:10     | Entered Level 10 of the Dungeon
 10666 | D:10     | Noticed an unseen horror
 10686 | D:10     | Killed an unseen horror
 10711 | D:10     | Reached *** piety under Dithmenos
 10828 | D:10     | Noticed Urug
 10871 | D:10     | Killed Urug
 11112 | D:10     | Found a staircase to the Orcish Mines.
 11201 | D:10     | Found a flagged portal.
 11225 | Bailey   | Entered a bailey
 11455 | Bailey   | Noticed an orc knight
 11599 | Bailey   | Noticed an orc knight
 11773 | Bailey   | Killed an orc knight
 11773 | Bailey   | Reached XP level 12. HP: 80/80 MP: 0/21
 12475 | D:10     | Upgraded the game from 0.18-a0-1418-ga86aa8f to 0.18-a0-1468-gaf180a1
 12845 | D:9      | Noticed Erica
 12850 | D:9      | Killed Erica
 12922 | D:9      | Reached **** piety under Dithmenos
 13073 | D:9      | Found Seab Led's Book Shoppe.
 13183 | D:9      | Found a shattered altar of Ashenzari.
 13272 | D:9      | Found a staircase to the Lair.
 13365 | Lair:1   | Entered Level 1 of the Lair of Beasts
 13404 | Lair:1   | Lost mutation: You have supernaturally acute eyesight. [potion of mutation]
 13404 | Lair:1   | Gained mutation: You are dopey. (Int -2) [potion of mutation]
 13404 | Lair:1   | Gained mutation: You are resistant to hostile enchantments. [potion of mutation]
 13405 | Lair:1   | Gained mutation: Your flesh is cold resistant. [potion of mutation]
 13405 | Lair:1   | Gained mutation: You are somewhat resistant to further mutation. [potion of mutation]
 13622 | Lair:1   | Reached skill level 5 in Shields
 13629 | Lair:1   | Reached skill level 1 in Invocations
 14178 | Lair:2   | Noticed a six-headed hydra
 14561 | Lair:2   | Reached skill level 10 in Earth Magic
 14595 | Lair:2   | Lost mutation: You are dopey. (Int -2) [potion of mutation]
 14783 | Lair:2   | Noticed a five-headed hydra
 14788 | Lair:2   | Killed a five-headed hydra
 14906 | Lair:2   | Killed a six-headed hydra
 14906 | Lair:2   | Reached ***** piety under Dithmenos
 15213 | Lair:3   | Noticed Uberwunderbarhen's ghost (journeyman OpTm)
 15409 | Lair:3   | Killed Uberwunderbarhen's ghost
 15409 | Lair:3   | Reached XP level 13. HP: 62/86 MP: 0/23
 16521 | Lair:4   | Found a staircase to the Snake Pit.
 16691 | Lair:3   | Reached skill level 5 in Stealth
 17492 | Lair:5   | Noticed Josephine
 17499 | Lair:5   | Killed Josephine
 17992 | Lair:5   | Noticed Nessos
 18017 | Lair:5   | Killed Nessos
 18259 | Lair:6   | Reached skill level 10 in Fighting
 18360 | Lair:6   | Reached skill level 11 in Earth Magic
 18391 | Lair:6   | Gained mutation: Your large and strong wings let you fly indefinitely. [Gargoyle growth]
 18391 | Lair:6   | Reached XP level 14. HP: 93/96 MP: 25/25
 18732 | Lair:6   | Found a staircase to the Shoals.
 19167 | Lair:7   | Noticed Rupert
 19515 | Lair:7   | Found a viscous altar of Jiyva.
 19516 | Lair:7   | Found a staircase to the Slime Pits.
 19622 | Lair:7   | Killed Rupert
 20057 | Lair:8   | Entered Level 8 of the Lair of Beasts
 20359 | Lair:8   | Reached ****** piety under Dithmenos
 21256 | Lair:8   | Reached XP level 15. HP: 89/104 MP: 11/27
 21785 | Orc:1    | Entered Level 1 of the Orcish Mines
 21832 | Orc:1    | Reached skill level 12 in Earth Magic
 21855 | Orc:1    | Found Buocoecu's Jewellery Boutique.
 21857 | Orc:1    | Found Lisizau's Weapon Shoppe.
 22148 | Orc:2    | Entered Level 2 of the Orcish Mines
 22298 | Orc:2    | Found a roughly hewn altar of Beogh.
 22466 | Orc:2    | Found a staircase to the Elven Halls.
 22531 | Orc:2    | Noticed Saint Roka
 22825 | Orc:2    | Found Mostig's Antique Weapon Boutique.
 22826 | Orc:2    | Found Gauja Boxu's Antique Weapon Shop.
 23013 | Orc:1    | Found Womie's Jewellery Shoppe.
 23121 | Orc:1    | Found Aniam's Weapon Boutique.
 23608 | Orc:2    | Found Xeenis's Gadget Shoppe.
 23618 | Orc:2    | Found Reopaonae's Food Boutique.
 24135 | Orc:1    | Bought an uncursed ring of magical power for 300 gold pieces
 24891 | D:13     | Learned a level 2 spell: Blink
 24894 | D:13     | Learned a level 2 spell: Repel Missiles
 24963 | D:13     | Reached skill level 10 in Maces & Flails
 25252 | D:13     | Found Apous Xutza's Armour Emporium.
 25255 | D:13     | Bought the +7 Kryia's mail coat {DeviceHeal*2 rC+} for 583 gold pieces
 26212 | D:14     | Found a gate to the Vaults.
 26299 | D:15     | Entered Level 15 of the Dungeon
 26353 | D:15     | Found Ikior's Weapon Emporium.
 26573 | D:15     | Reached XP level 16. HP: 105/113 MP: 29/29
 26708 | D:15     | Found a sacrificial altar of Ru.
 26909 | D:15     | Found a staircase to the Depths.
 27125 | D:9      | Bought a book of Power for 540 gold pieces
 27132 | D:9      | Learned a level 6 spell: Iron Shot
 27291 | Shoals:1 | Entered Level 1 of the Shoals
 27350 | Shoals:1 | Reached skill level 10 in Conjurations
 27355 | Shoals:1 | Reached skill level 1 in Translocations
 27494 | Shoals:1 | Reached skill level 5 in Charms
 28777 | Shoals:2 | Noticed Polyphemus
 28865 | Shoals:2 | Noticed Louise
 28889 | Shoals:2 | Killed Louise
 28942 | Shoals:2 | Found a flickering gateway to a bazaar.
 28948 | Bazaar   | Entered a bazaar
 28952 | Bazaar   | Found Xigeori's General Store.
 28969 | Bazaar   | Found Toguck Tuku's Armour Emporium.
 28980 | Bazaar   | Found Betasis's Jewellery Emporium.
 29024 | Bazaar   | Found Yddarchu's Antique Armour Shoppe.
 29067 | Bazaar   | Bought a glowing cloak for 112 gold pieces
 29140 | Bazaar   | Bought a potion of haste for 120 gold pieces
 29140 | Bazaar   | Bought a scroll of fear for 42 gold pieces
 29140 | Bazaar   | Bought a scroll of vulnerability for 90 gold pieces
 29235 | Shoals:3 | Noticed Mara
 29240 | Shoals:3 | Noticed Donald
 29413 | Shoals:3 | Reached skill level 13 in Earth Magic
 29515 | Shoals:3 | Noticed Aizul
 29529 | Shoals:3 | Killed Aizul
 29836 | Shoals:3 | Noticed Kirke
 29846 | Shoals:3 | Killed Kirke
 29955 | Shoals:3 | Noticed xeno23's illusion
 29964 | Shoals:3 | Killed Mara
 29964 | Shoals:3 | Reached XP level 17. HP: 111/119 MP: 17/30
 30035 | Shoals:3 | Reached skill level 10 in Stealth
 30455 | Shoals:3 | Killed Donald
 30710 | Shoals:4 | Entered Level 4 of the Shoals
 31080 | Shoals:2 | Killed Polyphemus
 31080 | Shoals:2 | Reached skill level 5 in Invocations
 32072 | Shoals:4 | Reached skill level 10 in Spellcasting
 32233 | Shoals:3 | Noticed Ilsuiw
 32489 | Shoals:3 | Killed Ilsuiw
 33109 | Shoals:4 | Found a bloodstained altar of Trog.
 33133 | Shoals:4 | Reached XP level 18. HP: 85/127 MP: 14/32
 33322 | Shoals:4 | Found Vofinugy's Assorted Antiques.
 33346 | Shoals:4 | Bought a worn bronze wand for 144 gold pieces
 33425 | Shoals:4 | Found Onyu's Food Shoppe.
 33428 | Shoals:4 | Found Ruwinuxi's Distillery.
 33680 | Shoals:4 | Reached skill level 10 in Dodging
 34288 | Shoals:4 | Got a steaming granite ring
 34297 | Shoals:4 | Identified the ring "Siklak" {+Inv Int+4 Dex+5 Stlth-} (You found it on level 4 of the Shoals)
 34337 | Shoals:4 | Reached skill level 14 in Earth Magic
 34355 | Shoals:4 | Bought a potion of heal wounds for 95 gold pieces
 34355 | Shoals:4 | Bought a potion of might for 76 gold pieces
 34355 | Shoals:4 | Bought a potion of curing for 57 gold pieces
 34355 | Shoals:4 | Bought a potion of curing for 57 gold pieces
 34355 | Shoals:4 | Bought a potion of might for 76 gold pieces
 34369 | Shoals:4 | Got a barnacled rune of Zot
 34572 | Shoals:4 | Noticed Jorgrun
 34578 | Shoals:4 | Killed Jorgrun
 34945 | Snake:1  | Entered Level 1 of the Snake Pit
 36837 | Snake:2  | Reached XP level 19. HP: 117/134 MP: 12/33
 36988 | Snake:2  | Found a burning altar of Makhleb.
 37755 | Snake:3  | Noticed Azrael
 37994 | Snake:3  | Killed Azrael
 38209 | Snake:4  | Entered Level 4 of the Snake Pit
 38209 | Snake:4  | Noticed Tomstefer's ghost (adept MiBe)
 38218 | Snake:4  | Reached skill level 10 in Charms
 38227 | Snake:4  | Killed Tomstefer's ghost
 39009 | Snake:4  | Reached skill level 15 in Earth Magic
 40123 | Snake:4  | Reached XP level 20. HP: 140/140 MP: 34/34
 40332 | Snake:4  | Got a serpentine rune of Zot
 41433 | Orc:2    | Killed Saint Roka
 41486 | Elf:1    | Entered Level 1 of the Elven Halls
 41527 | Elf:1    | Reached skill level 1 in Air Magic
 41703 | Elf:1    | Found Ulosenk's Magic Scroll Shop.
 41711 | Elf:1    | Bought a scroll of enchant armour for 127 gold pieces
 41711 | Elf:1    | Bought a scroll of silence for 127 gold pieces
 41733 | Elf:1    | Reached skill level 15 in Fighting
 41799 | Elf:1    | Got a twisted scale mail
 41810 | Elf:1    | Identified the cursed +0 scale mail "Cegeonou" {rN+++ rCorr Slay-4 Stlth+} (You found it on level 1 of the Elven Halls)
 42025 | Elf:1    | Reached skill level 1 in Necromancy
 42988 | Elf:2    | Reached skill level 16 in Earth Magic
 43271 | Elf:2    | Found a huge runed gate.
 43273 | Elf:2    | Found a huge runed gate.
 43273 | Elf:2    | Found a huge runed gate.
 43274 | Elf:2    | Found a huge runed gate.
 43274 | Elf:2    | Found a huge runed gate.
 43628 | Elf:2    | Reached XP level 21. HP: 147/147 MP: 17/35
 43992 | Elf:3    | Entered Level 3 of the Elven Halls
 43994 | Elf:3    | Upgraded the game from 0.18-a0-1468-gaf180a1 to 0.18-a0-1481-g708b138
 44766 | Elf:3    | Noticed Nikola
 44774 | Elf:3    | Killed Nikola
 44997 | Elf:3    | Reached skill level 10 in Armour
 45741 | Elf:3    | Reached skill level 5 in Air Magic
 46057 | Elf:3    | Got an encrusted large shield
 46191 | Elf:3    | Identified the +7 large shield of a Hundred Planets {rN+ Int+2 Slay+2} (You took it off a deep elf death mage on level 3 of the Elven Halls)
 46257 | Elf:3    | Killed from afar by a deep elf knight

Vault maps used:
D:1:      ncdulo_halloftheorcs
D:3:      gammafunk_temple_overflow_pools, uniq_sigmund, uniq_robin, uniq_iyjb
D:4:      first_bread
D:5:      uniq_pikel
D:6:      uniq_eustachio
D:7:      minmay_temple_entry_glassed_door, tgw_xom
D:8:      serial_shops, shop_statue, hangedman_little_slice_of_home,
          kennysheep_potato
D:9:      overflow_temple_1_default, old_standard_altar,
          grunt_lair_entry_orc_guard_hut, serial_shops, shop,
          hangedman_decor_slide_cut, uniq_erica
D:10:     david_orc_3, enter_bailey_2, uniq_urug
D:11:     serial_shops, shop_fountains, lab_entry_generic, uniq_maurice,
          uniq_snorg
D:13:     serial_shops, kennysheep_mini_moat, kennysheep_generic_room_14
D:14:     david_vaults_1, kennysheep_decorative_pillar
D:15:     grunt_enter_depths_snipers, serial_shops, shop,
          nicolae_ru_sacrificial_ziggurat
Temple:   lightli_temple_of_artemis
Lair:1:   grunt_forest_small_clearings
Lair:2:   grunt_megastairs_3, lemuel_fruit_tree
Lair:3:   minmay_lair_oklob_bushes
Lair:4:   minmay_snake_entry_six_corridors, grunt_megastairs_5,
          serial_bayou_shore_a
Lair:5:   uniq_nessos, uniq_josephine
Lair:6:   elwin_shoals_entry_rocks, serial_bayou_pond_d, lemuel_fruit_fields
Lair:7:   slime_altar_1, uniq_rupert
Lair:8:   minmay_lair_end_frog_pond, fungi_pond_lemuel,
          grunt_forest_large_clearings
Shoals:1: cheibrodos_shoals_oceanic_diplomacy, shoals_oasis
Shoals:2: serial_shops, bzr_entry_safe, st_cyclops, uniq_polyphemus, uniq_louise
Shoals:3: hangedman_shoals_cup_caves, uniq_donald, uniq_mara, uniq_aizul,
          uniq_kirke, uniq_ilsuiw
Shoals:4: shoals_end_grunt_garden, shoals_ilsuiw_alternative, serial_shops,
          nicolae_shop_scaring_up_business,
          nicolae_shop_temple_entry_statues_fountains, shop_statue,
          lemuel_centaur_altar, uniq_jorgrun
Snake:1:  nicolae_snake_lava_pool
Snake:2:  basic_altar
Snake:3:  uniq_azrael
Snake:4:  grunt_snake_rune_spirals
Orc:1:    serial_shops, shop_fountains, shop, shop, shop
Orc:2:    st_orc_open, basic_altar, uniq_saint_roka
Elf:1:    kennysheep_bubbly, serial_shops, shop, kennysheep_underground_church,
          spider_trap
Elf:3:    minmay_elf_hall_x, grunt_megastairs_2, uniq_nikola
Lab:      nicolae_lab_very_dead_end, nicolae_lab_grate_2
Bazaar:   bazaar_jpeg_circle_rare_4
Bailey:   bailey_polearm_1, bailey

Skill      XL: |  1  2  3  4  5  6  7  8  9 10 11 12 13 14 15 16 17 18 19 20 21 |
---------------+----------------------------------------------------------------+-----
Earth Magic    | 4 5 6 7 8 9 10 11 12 13 14 15 16 | 16.8
Fighting       | 1 5 6 7 8 10 11 12 13 14 15 | 15.6
Maces & Flails | 1 5 6 7 8 9 10 11 12 | 12.2
Armour         | 1 6 7 8 9 10 | 10.2
Shields        | 1 5 7 8 |  8.7
Conjurations   | 1 4 5 6 8 9 10 11 12 | 12.7
Spellcasting   | 5 6 7 8 9 10 | 10.6
Dodging        | 5 6 7 8 9 10 | 10.0
Charms         | 1 3 4 6 7 9 10 11 12 | 12.2
Transmutations | 3 4 |  4.0
Invocations    | 2 4 5 7 8 9 |  9.9
Stealth        | 3 5 7 9 10 11 12 13 | 13.4
Translocations | 3 4 |  4.6
Air Magic      | 2 5 |  5.0
Necromancy     | 2 3 |  3.5

Action                   |  1- 3 |  4- 6 |  7- 9 | 10-12 | 13-15 | 16-18 | 19-21 || total
-------------------------+-------+-------+-------+-------+-------+-------+-------++-------
Melee: Spear             |    21 |       |       |       |       |       |       ||    21
       Mace              |     7 |   157 |   222 |       |       |       |       ||   386
       Whip              |       |       |   243 |   524 |       |       |       ||   767
       Great mace        |       |       |       |   413 |  1154 |  1008 |  1468 ||  4043
Throw: Stone             |       |     4 |       |     4 |     2 |       |       ||    10
 Cast: Sandblast         |    13 |    34 |    25 |    10 |       |       |       ||    82
       Stone Arrow       |       |       |    37 |   172 |   272 |   521 |   163 ||  1165
       Lee's Rapid Decon |       |       |       |    31 |    24 |    34 |    79 ||   168
       Passwall          |       |       |       |    15 |       |       |       ||    15
       Regeneration      |       |       |       |     7 |     4 |    11 |    15 ||    37
       Petrify           |       |       |       |       |    13 |     3 |     2 ||    18
       Repel Missiles    |       |       |       |       |     1 |    18 |    27 ||    46
       Iron Shot         |       |       |       |       |       |    22 |   101 ||   123
       Blink             |       |       |       |       |       |     8 |    15 ||    23
Invok: Shadow Step       |       |       |       |       |       |     2 |     7 ||     9
 Abil: Fly               |       |       |       |       |     1 |     1 |     1 ||     3
       Stop Flying       |       |       |       |       |       |     1 |     1 ||     2
Evoke: Wand              |       |       |       |     7 |     8 |    11 |     5 ||    31
       Rod               |       |       |       |     8 |       |       |       ||     8
       Fan of gales      |       |       |       |     1 |       |     3 |     2 ||     6
  Use: Potion            |       |       |     7 |    11 |       |    14 |     8 ||    40
       Scroll            |       |       |     8 |    18 |     7 |    16 |     8 ||    57
 Stab: Sleeping          |     1 |     2 |     2 |     8 |    38 |    12 |    23 ||    86
       Distracted        |       |       |       |     3 |     2 |     3 |     8 ||    16
       Petrified         |       |       |       |       |     9 |       |       ||     9
       Petrifying        |       |       |       |       |     1 |       |       ||     1
  Eat: Chunk             |       |     6 |    19 |    22 |    42 |    36 |    47 ||   172
       Pizza             |       |       |     1 |     6 |     2 |       |       ||     9
       Royal jelly       |       |       |       |     4 |       |     6 |     3 ||    13
       Meat ration       |       |       |       |     1 |       |       |     4 ||     5
       Beef jerky        |       |       |       |     2 |     2 |       |       ||     4
       Fruit             |       |       |       |       |       |     1 |     1 ||     2
